AoeStats
← randomplayer

Hill Fort

504353667Analyzed
4v4 RM · 28d ago on Sep 5, 2026· 30m 51s· 8 players
Game mode
Random Map
Map size
Large (8 player)
Population
200
Speed
Normal
Resources
Standard
Victory
Conquest
Starting age
Dark Age
Ending age
Imperial Age
RankedLock teamsTeams togetherTeam positionsShared explorationLock speedFull tech treeHidden civsTurbo modeCheats
Victory
Defeat
🇺🇸 Khmer · United States
896
+11
🇲🇽 Celts · Mexico
873
+12
🇪🇸 Byzantines · Spain
843
+13
🇵🇷 Magyars · Puerto Rico
614
+21
🇨🇱 Persians · Chile
852
-22
🇧🇪 Mongols · Belgium
820
-35
🇦🇷 Magyars · Argentina
736
-13
🇦🇷 Britons · Argentina
671
-10
mateakd2013
0:28 Loom
12:22 Feudal Age
18:27 Castle Age
23:07 Bloodlines
22:57 Husbandry
guillenoti
11:35 Feudal Age
15:02 Gold Mining
15:19 Double-Bit Axe
15:26 Stone Mining
25:19 Castle Age
Giibier
3:46 Loom
9:46 Feudal Age
11:20 Double-Bit Axe
12:48 Wheelbarrow
16:18 Horse Collar
19:26 Castle Age
17:43 Horse Collar
18:23 Fletching
18:35 Padded Archer Armor
19:45 Bloodlines
25:25 Bow Saw
25:30 Stone Mining
26:50 Gold Mining
30:18 Bodkin Arrow
31:19 Leather Archer Armor
Gusso
4:15 Loom
11:43 Feudal Age
12:08 Double-Bit Axe
20:24 Castle Age
21:31 Husbandry
27:13 Squires
jcarroll10
11:28 Feudal Age
14:09 Castle Age
12:18 Double-Bit Axe
14:16 Horse Collar
16:00 Light Cavalry
23:29 Husbandry
23:42 Town Watch
23:53 Loom
25:12 Bloodlines
26:28 Scale Barding Armor
26:34 Forging
30:11 Chain Barding Armor
VicRoldanG
0:35 Loom
10:35 Feudal Age
11:56 Horse Collar
12:49 Double-Bit Axe
13:33 Gold Mining
16:23 Wheelbarrow
21:53 Castle Age
20:10 Fletching
21:23 Forging
21:28 Town Watch
22:39 Scale Barding Armor
23:47 Iron Casting
23:52 Bow Saw
24:22 Husbandry
25:05 Hand Cart
29:32 Bow Saw
randomplayer
1:23 Loom
11:04 Feudal Age
11:31 Double-Bit Axe
11:28 Horse Collar
15:35 Wheelbarrow
19:00 Castle Age
16:55 Gold Mining
20:21 Hand Cart
21:52 Bow Saw
22:35 Stone Mining
24:22 Gold Shaft Mining
27:29 Scale Barding Armor
28:55 Bloodlines
28:46 Husbandry
29:25 Chain Barding Armor
28:59 Fletching
31:04 Heavy Plow
31:04 Bodkin Arrow
31:23 Corvinian Army
perce1994
2:06 Loom
12:37 Feudal Age
18:47 Castle Age
16:34 Horse Collar
17:05 Double-Bit Axe
20:06 Wheelbarrow
23:53 Heavy Plow
24:06 Bow Saw
27:59 Imperial Age
25:55 Gold Mining
26:05 Stone Mining
29:28 Conscription
31:11 Gold Shaft Mining
31:39 Two-Man Saw
Connection lost

Rejoining the realm…

Still unreachable

The connection could not be restored.

Session expired

The server has moved on; the page needs a fresh start.